 Dungeon Sprint DCSS version 0.26-a0-651-gb41185065b (webtiles) character file.

Game seed: 12967232231859786973

24 sahdkjhfkaj the Ruffian (level 5, -4/38 HPs)
             Began as an Octopode Artificer on Oct 1, 2020.
             Was a Believer of Makhleb.
             Slain by a wraith (14 damage)
             ... in the Dungeon (Sprint VI: "Thunderdome").
             The game lasted 00:02:23 (405 turns).

sahdkjhfkaj the Ruffian (Octopode Artificer)         Turns: 405, Time: 00:02:24

Health: -4/38      AC:  1    Str: 13    XL:     5   Next: 46%
Magic:  14/14      EV: 14    Int: 18    God:    Makhleb [**....]
Gold:   40         SH:  0    Dex:  8    Spells: 4/4 levels left

rFire    + + +     SeeInvis .     - Unarmed
rCold    . . .     Faith    .   (no shield)
rNeg     + . .     Spirit   .   (helmet restricted)
rPois    .         Reflect  .   (no amulet)
rElec    .         Harm     .   e - ring "Fepus" {rF++ Int+3 Stlth+}
rCorr    +         Rampage  .   o - ring of Eternity {rN+ MP+9 Dex-4 Stlth-}
MR       .....     NoTele   +   q - ring "Gaoggaep" {rF+ rCorr Int+2}
Stlth    ++........             (no ring)
HPRegen  0.12/turn              (no ring)
MPRegen  0.14/turn              (no ring)
                                (no ring)
                                (no ring)

@: slowed, very slow
A: almost no armour, stealthy swim, amphibious, 8 rings, constrict 8, camouflage
1, gelatinous body 1
a: Minor Destruction, Renounce Religion


You were in the Dungeon.
You worshipped Makhleb.
Makhleb was pleased with you.
You visited 1 branch You collected 280 gold pieces.
You spent 240 gold pieces at shops.

Inventory:

Hand Weapons
 a - a +0 club
Jewellery
 e - the ring "Fepus" (left tentacle) {rF++ Int+3 Stlth+}
   (You bought it in a shop in the Dungeon)

   [ring of stealth]

   It affects your intelligence (+3).
   It greatly protects you from fire.
   It makes you more stealthy.
 o - the ring of Eternity (right tentacle) {rN+ MP+9 Dex-4 Stlth-}
   (You bought it in a shop in the Dungeon)

   [ring of dexterity]

   It affects your dexterity (-4).
   It protects you from negative energy.
   It affects your magic capacity (+9).
   It makes you less stealthy.
 p - the ring of the Amoeba {MR+ Int+2 Slay-4}
   (You bought it in a shop in the Dungeon)

   [ring of slaying]

   It affects your intelligence (+2).
   It affects your accuracy and damage with ranged weapons and melee attacks
   (-4).
   It affects your resistance to hostile enchantments.
 q - the ring "Gaoggaep" (on tentacle) {rF+ rCorr Int+2}
   (You bought it in a shop in the Dungeon)

   [ring of resist corrosion]

   It affects your intelligence (+2).
   It protects you from fire.
   It provides partial protection from all sources of acid and corrosion.
Wands
 b - a wand of flame (12)
 c - a wand of enslavement (15)
 d - a wand of random effects (12)
 k - a wand of acid (1)
 l - a wand of iceblast (1)
Scrolls
 j - 4 scrolls of blinking
 m - 3 scrolls of fog
Potions
 f - 2 potions of heal wounds
 g - 4 potions of haste
 h - 2 potions of magic
 i - a potion of berserk rage
 n - a potion of resistance


   Skills:
 + Level 4.7 Fighting
 + Level 5.2 Dodging
 - Level 1.3 Stealth
 * Level 6.6 Unarmed Combat
 + Level 6.1 Evocations


You had 4 spell levels left.
You didn't know any spells.
Your spell library was empty.

Dungeon Overview and Level Annotations

Branches:
Dungeon (1/1)

Altars:
Cheibriados
Fedhas
Gozag
Makhleb
Okawaru
Qazlal
Sif Muna
Uskayaw
Vehumet
Xom
Yredelemnul
Zin
The Shining One
Jiyva
Lugonu

Shops:
D *[??*?*:[((


Innate Abilities, Weirdness & Mutations

You cannot wear most types of armour.
You are very stealthy in the water. (Stealth+)
You are amphibious.
You can wear up to eight rings at the same time.
You can use your tentacles to constrict eight enemies at once.
Your skin changes colour to match your surroundings (Stealth+).
Your rubbery body absorbs attacks. (AC +1, EV +1)


Message History

Evoke which item? (* to show all) (? for menu, Esc to quit)
Press: ? - help, Shift-Dir - straight line Something hits you but does no damage.
Unknown command.
Unknown command.
Evoke which item? (* to show all) (? for menu, Esc to quit)
Press: ? - help, Shift-Dir - straight line Something hits you.
Something drains your vigour!
You feel yourself slow down.
Unknown command.
Evoke which item? (* to show all) (? for menu, Esc to quit)
Press: ? - help, Shift-Dir - straight line The mass of ice explodes!
The iceblast engulfs something!
Something hits you!
Unknown command.
Unknown command.
Evoke which item? (* to show all) (? for menu, Esc to quit)
Press: ? - help, Shift-Dir - straight line The mass of ice explodes!
The iceblast engulfs something!
Something hits you!
* * * LOW HITPOINT WARNING * * *
Something hits you!
You die...

#⌠..........###...#
##.............###.....
###∩........8.# .8....
##∩___......###......
######.8.........8.#
#⌠...........⌠#
###.........###
#...{)..._# #...@...._#
#_........# #∩.......∩#
##∩.....∩## ##.....##
##⌠⌠⌠## #####


There were no monsters in sight!

Vanquished Creatures
  A wight (D)
  5 worker ants (D)
  A spectral bat (D)
  A quokka (D)
  A spectral giant cockroach (D)
9 creatures vanquished.

Notes
Turn   | Place    | Note
-------+----------+-------------------------------------------
     0 | D        | sahdkjhfkaj the Octopode Artificer began the quest for the
                  | Orb.
     0 | D        | Reached XP level 1. HP: 13/13 MP: 1/1
     1 | D        | Found a stormy altar of Qazlal.
     1 | D        | Found an iron altar of Okawaru.
     2 | D        | Found a shimmering altar of Xom.
     2 | D        | Found a shimmering blue altar of Sif Muna.
     3 | D        | Found a corrupted altar of Lugonu.
     3 | D        | Found a glowing silver altar of Zin.
     4 | D        | Found a basalt altar of Yredelemnul.
     4 | D        | Found a snail-covered altar of Cheibriados.
     4 | D        | Found a radiant altar of Vehumet.
     4 | D        | Found Gocel's Magic Scroll Shop.
     4 | D        | Found Ani Doan's Staff Store.
     5 | D        | Found a viscous altar of Jiyva.
     5 | D        | Found a burning altar of Makhleb.
     5 | D        | Found a blossoming altar of Fedhas.
     5 | D        | Found Pesyo's Identification Station.
     5 | D        | Round 1.
     6 | D        | Found Xoahi's Jewellery.
     6 | D        | Found Doplis's Advanced Armour.
    14 | D        | Became a worshipper of Makhleb the Destroyer
    16 | D        | Noticed a worker ant
    24 | D        | Killed a worker ant
    24 | D        | Reached XP level 2. HP: 4/20 MP: 2/2
    24 | D        | Reached XP level 3. HP: 5/25 MP: 3/3
   105 | D        | Reached * piety under Makhleb
   105 | D        | Reached skill level 5 in Evocations
   105 | D        | Reached XP level 4. HP: 26/31 MP: 4/4
   142 | D        | Found Acheduppu's Magic Scroll Shop.
   142 | D        | Found Sodoith's Must-Have Magic.
   151 | D        | Reached skill level 5 in Unarmed Combat
   157 | D        | Arena points: 12 (+12) [x2]
   157 | D        | Reached XP level 5. HP: 35/37 MP: 5/5
   169 | D        | Bought an ancient silver ring for 45 gold pieces
   169 | D        | Bought a sparkling platinum ring for 45 gold pieces
   169 | D        | Bought a wavering lapis lazuli ring for 45 gold pieces
   169 | D        | Bought a bound amber ring for 45 gold pieces
   169 | D        | Identified the ring "Fepus" {rF++ Int+3 Stlth+} (You bought
                  | it in a shop in the Dungeon)
   170 | D        | Identified the cursed ring of Eternity {rN+ MP+9 Dex-4
                  | Stlth-} (You bought it in a shop in the Dungeon)
   171 | D        | Identified the ring "Gaoggaep" {rF+ rCorr Int+2} (You
                  | bought it in a shop in the Dungeon)
   172 | D        | Identified the cursed ring of the Amoeba {MR+ Int+2 Slay-4}
                  | (You bought it in a shop in the Dungeon)
   179 | D        | Found a hide-covered altar of Uskayaw.
   180 | D        | Found Pubuerhan's Premium Goods.
   181 | D        | Found Nepor's Miscellaneous Merchandise.
   181 | D        | Found Arotit's Basic Armour.
   183 | D        | Found an opulent altar of Gozag.
   183 | D        | Found a glowing golden altar of the Shining One.
   183 | D        | Found Lihuh's Weapon Rack.
   210 | D        | Round 2.
   218 | D        | Reached ** piety under Makhleb
   271 | D        | Arena points: 24 (+12) [x3]
   276 | D        | Bought a scroll of remove curse for 60 gold pieces
   287 | D        | Round 3.
   379 | D        | Reached skill level 5 in Dodging
   395 | D        | Noticed a wraith
   405 | D        | Slain by a wraith

Illustrated notes

Levels and vault maps discovered:
D:        arena_sprint

Skill      XL: |  1  2  3  4  5 |
---------------+----------------+-----
Fighting       | 2 3 4 |  4.7
Dodging        | 3 4 5 |  5.2
Unarmed Combat | 3 4 5 6 |  6.6
Evocations     | 4 5 6 |  6.1
Stealth        | |  1.3

Action                   |  1- 3 |  4- 6 || total
-------------------------+-------+-------++-------
Melee: Unarmed           |     2 |    40 ||    42
       Tentacles         |     1 |     8 ||     9
       Constrict         |       |     4 ||     4
       Punch             |       |     2 ||     2
Evoke: Wand              |     5 |     9 ||    14
  Use: Potion            |     1 |     2 ||     3
       Scroll            |       |     1 ||     1
Armor: Skin              |     1 |     9 ||    10
Dodge: Dodged            |     2 |    46 ||    48

Table legend: (Time is in decaauts)
 A = Elapsed time spent in this place.
 B = Non-inter-level travel time spent in this place.
 C = Inter-level travel time spent in this place.
 D = Time resting spent in this place.
 E = Time spent auto-exploring this place.
 F = Levels seen in this place.
 G = Mean time per level.
                   A        B        C        D        E       F      G
               +--------+--------+--------+--------+--------+-----+--------+
         Total |    398 |    398 |      0 |     74 |    187 |   1 |  398.0 |
       Dungeon |    398 |    398 |      0 |     74 |    187 |   1 |  398.0 |
               +--------+--------+--------+--------+--------+-----+--------+

Top non-repeatable levels by time:
       D: 398 daAuts
